Construct Weapon Support Center
Selects Airborne Battlegroup
Selects Paratrooper Squad Paradrop
Paratrooper Squad Paradrop
M3 Armored Personnel Carrier
Construct Medical Station
Construct Medical Station
M3 Armored Personnel Carrier
Paratrooper Squad Paradrop
Selects Anti-tank Gun Team Paradrop
M4(105) Sherman Bulldozer
Anti-tank Gun Team Paradrop
M4(105) Sherman Bulldozer
Selects Dual P-47 Rocket Strike
Anti-tank Gun Team Paradrop
M18 Hellcat Tank Destroyer
M18 Hellcat Tank Destroyer
M3 Armored Personnel Carrier